[Event "*** Titled Tuesday Blitz"]
[Site "Chess.com"]
[Date "2020.12.01"]
[Round "10"]
[White "Sueetin"]
[Black "gochatoria98"]
[Result "0-1"]
[WhiteElo "2232"]
[BlackElo "2204"]
[TimeControl "180+1"]
[EndTime "11:55:22 PST"]
[Termination "gochatoria98 won by resignation"]

1. e4 c5 2. Nf3 e6 3. d4 cxd4 4.
Nxd4 a6 5. Bd3 Nc6 6. Nxc6 dxc6 7. Nc3 e5 8. Be3 Nf6 9. f3 Bb4 10. Qe2 O-O 11. a3 Bd6 12. g4 b5 13. h4 c5 14.
Qf2 c4 15. Be2 Be6 16. h5 Qe7 17. g5 Nd7 18. g6 Bc5 19. gxh7+ Kh8 20. O-O-O Bxe3+ 21. Qxe3 b4 22. Nd5 Bxd5 23. Rxd5 bxa3 24. bxa3 Nf6 25. Bxc4 Nxd5 26. Bxd5 Rab8 27. h6 g6 28. f4 exf4 29. Qc3+ f6 30. Rg1 g5 31. Rxg5 Rfc8 32. Rg8+ Rxg8 33. hxg8=Q+ Rxg8 34. Bxg8 Kxg8 35. Qc8+ Kh7 36.
Qf5+ Kxh6 37. Qxf4+ Kg6 38. Qg4+ Kf7 39. Qh5+ Kg7 40.
Qg4+ Kf7 41. Qh5+ Kg7 42. Qd5 Qxa3+ 43. Kd2 a5 44. Qd7+ Kh6 45. Qh3+ Kg6 46. Qf5+ Kg7 47. Qd7+ Kh6 48. Qh3+ Qxh3 0-1

[Event "*** Titled Tuesday Blitz"]
[Site "Chess.com"]
[Date "2020.12.01"]
[Round "10"]
[White "Das_Virus_2020"]
[Black "kingofthenil"]
[Result "0-1"]
[WhiteElo "2450"]
[BlackElo "2728"]
[TimeControl "180+1"]
[EndTime "11:55:23 PST"]
[Termination "kingofthenil won by resignation"]

1. e4 Nc6 2. Nc3 d5 3. exd5 Nb4 4. Bc4 Nf6 5. Nf3 Bf5 6. Bb3 Nbxd5 7. Nxd5 Nxd5 8. d4 e6 9. O-O Be7 10. a3 O-O 11.
Ne5 c6 12. Qf3 Bg6 13. Re1 Qb6 14. Be3 Rad8 15. Nxg6 hxg6 16. c4 Qxb3 17. cxd5 Rxd5 18. Qe2 Rfd8 19. Rac1 Bf6 20. Rc3 Qb6 21. h3 Bxd4 22.
Bxd4 Rxd4 23. Rc2 Rd3 24. Rf1 Qd4 25. Rfc1 Rd1+ 26. Rxd1 Qxd1+ 27. Kh2 Qxe2 28. Rxe2 Rd3 29. f3 Kf8 30. Kg3 Ke7 31. Rc2 Kd6 32. Kf2 c5 33.
Ke2 Rd4 34. Ke3 f5 35. g3 e5 36. h4 b6 37. Rh2 Kd5 38. h5 e4 39. fxe4+ Rxe4+ 40. Kf3 g5 41. h6 g4+ 42. Kf2 gxh6 43. Rxh6 Kc4 44. Rf6 Re5 45. Rf7 a5 46. Rf6 b5 47.
Ra6 a4 48. Rb6 b4 49. Ra6 Kb3 50. axb4 cxb4 51. Rb6 Re4 52. Rb5 Kxb2 53. Rxf5 a3 54. Rf4 Rxf4+ 55. gxf4 a2 0-1

[Event "*** Titled Tuesday Blitz"]
[Site "Chess.com"]
[Date "2020.12.01"]
[Round "10"]
[White "Zq1"]
[Black "profofchess"]
[Result "0-1"]
[WhiteElo "2549"]
[BlackElo "2440"]
[TimeControl "180+1"]
[EndTime "11:55:24 PST"]
[Termination "profofchess won on time"]

1. d4 Nf6 2. c4 e6 3. Nc3 Bb4 4. e3 O-O 5. Bd3 c5 6. Ne2 cxd4 7. exd4 d5 8. cxd5 Nxd5 9. O-O Nc6 10. Bc2 Be7 11. Qd3 g6 12. a3 Bf6 13. Bh6 Re8 14.
Rad1 b6 15. Ne4 Bh8 16. Qg3 Ba6 17. Bd3 Bxd3 18. Rxd3 Nce7 19. Bg5 Qd7 20. Qf3 f5 21. Nd2 Rac8 22. h4 Nf6 23. Nf4 Ned5 24. Re1 Nxf4 25. Qxf4 Qc7 26. Qxc7 Rxc7 27. d5 exd5 28. Rxe8+ Nxe8 29.
Rxd5 Bf6 30. Bxf6 Nxf6 31. Rd8+ Kf7 32. Nf3 Ke7 33. Ra8 Ng4 34. g3 a5 35. Nd4 Rc1+ 36.
Kg2 Rd1 37. Ra7+ Kd6 38. Nf3 Rb1 39. Rxh7 Rxb2 40. Ng5 Rxf2+ 41. Kg1 b5 42. Rg7 b4 43. axb4 axb4 44. Rxg6+ Kd5 45. Rb6 Kc4 46. h5 Rh2 0-1

[Event "*** Titled Tuesday Blitz"]
[Site "Chess.com"]
[Date "2020.12.01"]
[Round "10"]
[White "tylityli"]
[Black "mjray79"]
[Result "1/2-1/2"]
[WhiteElo "2323"]
[BlackElo "2420"]
[TimeControl "180+1"]
[EndTime "11:55:26 PST"]
[Termination "Game drawn by repetition"]

1. d4 Nf6 2. c4 g6 3. Nc3 Bg7 4. e4 d6 5. Nge2 O-O 6. Ng3 a6 7. a4 c6 8. Be2 Nbd7 9. O-O Rb8 10. Bg5 h6 11. Be3 e5 12. d5 c5 13. Qd2 Kh7 14. Rab1 Ne8 15. b4 cxb4 16. Rxb4 f5 17. f4 exf4 18. Bxf4 Qa5 19. Rfb1 Nc5 20. exf5 Bxf5 21.
Nxf5 Rxf5 22. Be3 Nf6 23. Bd4 Nfe4 24. Nxe4 Nxe4 25. Qe3 Nf6 26. Bd3 Re8 27. Qg3 Rg5 28. Qxd6 Ne4 29. Qb6 Qxb6 30. Bxb6 Nc3 31. Rf1 Ne2+ 32.
Bxe2 Rxe2 33. g3 Rh5 34. Bf2 b5 35. axb5 axb5 36. Rxb5 Rf5 37. Rb7 h5 38. c5 Kh6 39.
Rxg7 Kxg7 40. d6 Rd5 41. Kg2 Rc2 42. Kf3 Rc3+ 43. Ke4 Rcd3 44. Be3 Rd1 45. Rxd1 Rxd1 46. Bd4+ Kf7 47. Kd5 Ke8 48. c6 Kd8 49. Ke5 Re1+ 50.
Kd5 Rd1 51. Ke5 Re1+ 52. Kd5 Rd1 1/2-1/2

[Event "*** Titled Tuesday Blitz"]
[Site "Chess.com"]
[Date "2020.12.01"]
[Round "10"]
[White "GameOverBro"]
[Black "Gusarov91"]
[Result "0-1"]
[WhiteElo "2521"]
[BlackElo "2645"]
[TimeControl "180+1"]
[EndTime "11:55:27 PST"]
[Termination "Gusarov91 won on time"]

1. e4 c6 2. Nc3 d5 3. Nf3 Bg4 4. h3 Bxf3 5. Qxf3 e6 6. a3 Nd7 7.
d3 Ngf6 8. g4 h6 9. h4 dxe4 10.
dxe4 Ne5 11. Qg3 Ng6 12. h5 Ne7 13. Bf4 Nc8 14. Bd3 Bc5 15. O-O-O Qe7 16. g5 hxg5 17. Bxg5 e5 18. f4 exf4 19. Qxf4 Bd6 20. e5 Bxe5 21. Qh4 Nd6 22. Rde1 O-O-O 23. Kb1 Rde8 24. Qf2 Kb8 25. h6 Ng4 26. Qh4 Qd7 27. h7 Nf6 28. Qb4 Nc8 29. Rh4 Bd6 30. Rxe8 Qxe8 31. Bf4 Qe1+ 32. Ka2 c5 33. Bxd6+ Nxd6 34. Qf4 Qe6+ 35. b3 Ka8 36. Qg5 Nfe8 37. Qxc5 Qc8 38. Qxc8+ Nxc8 39. Nd5 Ncd6 0-1

[Event "*** Titled Tuesday Blitz"]
[Site "Chess.com"]
[Date "2020.12.01"]
[Round "10"]
[White "A-S-00"]
[Black "Vojtap"]
[Result "1-0"]
[WhiteElo "2302"]
[BlackElo "2128"]
[TimeControl "180+1"]
[EndTime "11:55:28 PST"]
[Termination "A-S-00 won on time"]

1. d4 Nf6 2. Nf3 g6 3. Bf4 Bg7 4. e3 O-O 5. Bd3 d6 6. O-O c5 7. c3 b6 8. Nbd2 Bb7 9. h3 Nbd7 10. Rc1 Qc7 11. b4 Rac8 12. bxc5 bxc5 13. c4 e5 14. dxe5 dxe5 15. Bh2 Rfe8 16. Bb1 Qc6 17. Nb3 Ba8 18.
Na5 Qa6 19. Nb3 e4 20. Nfd2 Ne5 21. Qe2 Qc6 22. Rfd1 Rcd8 23. Nf1 Nd3 24. Rc2 Nd7 25. Rcd2 Bc3 26. Rc2 Bb4 27. Ng3 N7e5 28. Nc1 Ba3 29. Nb3 Rd7 30. Nd2 f5 31. Rc3 Bb4 32. Rb3 Red8 33.
a3 Ba5 34. f3 Nc1 35. Rxc1 Rxd2 36. Qf1 exf3 37. e4 Rxg2+ 38. Kh1 fxe4 39. Bxe4 Qd7 40. Bxa8 Rxa8 41. Ne4 Qxh3 42. Nf6+ Kf7 43. Rb7+ Kxf6 44. Qg1 1-0

[Event "*** Titled Tuesday Blitz"]
[Site "Chess.com"]
[Date "2020.12.01"]
[Round "10"]
[White "Kretov_Evgenij"]
[Black "suyu28"]
[Result "0-1"]
[WhiteElo "2510"]
[BlackElo "2663"]
[TimeControl "180+1"]
[EndTime "11:55:29 PST"]
[Termination "suyu28 won by checkmate"]

1. d4 d5 2. c4 dxc4 3. Nf3 Nf6 4. e3 c5 5. Bxc4 e6 6. O-O a6 7. e4 cxd4 8. e5 Nfd7 9. Qxd4 Nc6 10. Qe4 Qc7 11. Re1 b5 12. Bb3 Bb7 13. Qf4 Be7 14. Nc3 O-O 15. Bc2 b4 16. Ne4 Ncxe5 17. Nxe5 Nxe5 18.
Nc5 Nf3+ 19. gxf3 Qxc5 20. Be4 Bxe4 21. fxe4 Rfd8 22. Be3 Qh5 23. e5 Rd5 24. Rac1 Rxe5 25. Kh1 Bd6 26. h4 Rd5 27. Qe4 Rd8 28. Rg1 Be7 29.
Rg4 Bf6 30. b3 a5 31. Kg2 Kh8 32. Qf3 h6 33. Rg1 Rf5 34. Qg3 Be5 35. Qh3 Bf6 36.
Qg3 Rfd5 37. Rh1 Rg8 38. Qf3 Rdd8 39. Qg3 Qd5+ 40. Qf3 Qd7 41. h5 e5 42. Bxh6 gxh6 43. Qxf6+ Kh7 44. Rxg8 Rxg8+ 45. Kh2 Qg4 46. Qxf7+ Rg7 47.
Qd5 Qh4# 0-1

[Event "*** Titled Tuesday Blitz"]
[Site "Chess.com"]
[Date "2020.12.01"]
[Round "10"]
[White "ChainsOfFantasia"]
[Black "mirciulica14"]
[Result "1-0"]
[WhiteElo "2526"]
[BlackElo "2589"]
[TimeControl "180+1"]
[EndTime "11:55:29 PST"]
[Termination "ChainsOfFantasia won on time"]

1. d4 Nf6 2. Nf3 e6 3. c4 Bb4+ 4.
Nbd2 b6 5. a3 Bxd2+ 6. Qxd2 Bb7 7. e3 O-O 8. Be2 d6 9. O-O Nbd7 10. b4 Ne4 11. Qc2 f5 12. Bb2 Qe7 13. Rac1 c5 14.
Nd2 Qg5 15. g3 Ndf6 16. bxc5 bxc5 17. Nxe4 Bxe4 18. f4 Qh6 19. Bd3 Ng4 20. Bxe4 fxe4 21. Qe2 Qh5 22. dxc5 dxc5 23. Rfd1 Rab8 24. Rd7 Rf7 25.
Rcd1 Qxh2+ 26. Qxh2 Nxh2 27. Rd8+ Rf8 28. Rxf8+ Kxf8 29. Bxg7+ Kxg7 30. Kxh2 Rb3 31. Rd7+ Kg6 32. Rxa7 Rxe3 33. Rc7 Kf5 34. Rxc5+ Kg4 35. Re5 Kf3 36. Rxe6 Rxa3 37. f5 e3 38. f6 Ra8 39. c5 e2 40.
c6 Kf2 41. f7 e1=Q 42. Rxe1 Kxe1 43. Kh3 Ke2 44. Kg4 Ke3 45. Kf5 1-0

[Event "*** Titled Tuesday Blitz"]
[Site "Chess.com"]
[Date "2020.12.01"]
[Round "10"]
[White "Brave_spirit12"]
[Black "arjwezhrtdrz"]
[Result "1-0"]
[WhiteElo "2483"]
[BlackElo "2318"]
[TimeControl "180+1"]
[EndTime "11:55:30 PST"]
[Termination "Brave_spirit12 won by resignation"]

1. e4 e6 2. d4 d5 3. exd5 exd5 4.
Nc3 Nf6 5. Bd3 Be7 6. Nge2 O-O 7. Bg5 c6 8. Qd2 Re8 9. O-O-O Ne4 10. Bxe7 Qxe7 11. Bxe4 dxe4 12. Ng3 f5 13. Rde1 Bd7 14. Nh5 Na6 15. g4 Nc7 16. gxf5 Bxf5 17. Rhg1 Bg6 18.
Nf4 Qf7 19. Nxg6 hxg6 20. Kb1 Rad8 21. Rxe4 Rxe4 22. Nxe4 Qd5 23. f3 Qxd4 24. Qc1 Ne6 25. Rxg6 Qe5 26. a3 Qf5 27. Rg3 Nd4 28. Qh6 Ne6 29. Qe3 c5 30. Qb3 Kf8 31. Qxb7 Rd1+ 32. Ka2 Qd5+ 33. Qxd5 Rxd5 34. Rg6 Kf7 35. Rg1 Rh5 36.
Rd1 Ke7 37. Rd2 Rh3 38. Re2 Kd7 39. Ng3 Nd4 40. Rd2 Kc6 41. f4 Nf3 42. Rf2 Nxh2 43. Nf5 Ng4 44. Rg2 Ne3 45. Nxe3 Rxe3 46. Rxg7 Kb6 47.
f5 Rf3 48. Rf7 a5 49. b3 Kc6 50. Rf6+ Kd5 51. Rf8 c4 52. f6 cxb3+ 53. cxb3 Rf2+ 54. Kb1 Rf3 55. f7 Rxb3+ 56. Ka2 1-0

[Event "*** Titled Tuesday Blitz"]
[Site "Chess.com"]
[Date "2020.12.01"]
[Round "10"]
[White "Loy_Konstantin"]
[Black "carloseduar100"]
[Result "1-0"]
[WhiteElo "2355"]
[BlackElo "2072"]
[TimeControl "180+1"]
[EndTime "11:55:30 PST"]
[Termination "Loy_Konstantin won by checkmate"]

1. e4 e6 2. d3 d5 3. Nd2 c5 4. Ngf3 Nc6 5. g3 Nf6 6. Bg2 Be7 7.
O-O b5 8. Re1 a5 9. exd5 exd5 10.
d4 c4 11. c3 Bg4 12. h3 Bh5 13. g4 Bg6 14. Ne5 Nxe5 15. dxe5 Ne4 16. Nxe4 dxe4 17. Bf4 O-O 18. Bxe4 Bxe4 19. Rxe4 Qb6 20. Qe2 Rad8 21.
Be3 Qg6 22. Rd4 h5 23. Rxd8 Rxd8 24. Rd1 Rd3 25. Re1 b4 26. cxb4 axb4 27. Kg2 hxg4 28.
Qxg4 Qxg4+ 29. hxg4 c3 30. bxc3 bxc3 31. Rc1 Ba3 32. Rc2 Bb2 33. Kf3 Kf8 34. Ke2 Rd5 35. f4 Ke7 36. Bc1 Bxc1 37. Rxc1 Rd2+ 38. Ke3 Rxa2 39. Rxc3 Ra1 40. f5 Rg1 41. Kf4 Rf1+ 42. Kg5 Re1 43. Rc7+ Ke8 44. Rc5 Ke7 45. Ra5 Re2 46.
Kf4 Rf2+ 47. Kg3 Re2 48. Kf3 Re1 49. Ra7+ Ke8 50. Kf4 Rf1+ 51. Kg5 Re1 52. Ra8+ Ke7 53. Rg8 Rxe5 54. Rxg7 Kf8 55. Kf6 Re7 56. Rg8+ Kxg8 57. Kxe7 Kg7 58. g5 Kg8 59. f6 Kh7 60. Kxf7 Kh8 61.
Ke6 Kg8 62. Ke7 Kh8 63. f7 Kh7 64. f8=Q Kg6 65. Qf6+ Kh5 66. Qh6+ Kg4 67. g6 Kf5 68.
g7 Ke4 69. Qf6 Kd5 70. g8=Q+ Ke4 71. Qg4+ Ke3 72. Qff3+ Kd2 73. Qgg2+ Ke1 74. Qff1# 1-0

[Event "*** Titled Tuesday Blitz"]
[Site "Chess.com"]
[Date "2020.12.01"]
[Round "10"]
[White "Euwe1234"]
[Black "GregShahade"]
[Result "0-1"]
[WhiteElo "2572"]
[BlackElo "2709"]
[TimeControl "180+1"]
[EndTime "11:55:31 PST"]
[Termination "GregShahade won by resignation"]

1. e4 e5 2. Nf3 Nc6 3. Bb5 a6 4. Ba4 Nf6 5. O-O Be7 6. Re1 b5 7. Bb3 O-O 8. a4 Bb7 9. Nc3 Nd4 10. Nxd4 exd4 11. Nd5 Nxd5 12. exd5 c5 13. d3 Bf6 14.
Bf4 Re8 15. Qg4 Rxe1+ 16. Rxe1 bxa4 17. Bc4 g6 18. h3 h5 19. Qg3 Qa5 20. Re2 Kg7 21.
Be5 Qd8 22. d6 Bxe5 23. Qxe5+ Qf6 24. Qxf6+ Kxf6 25. Re7 Bc6 26. Rxf7+ Ke5 27. f4+ Kxd6 28. Rf6+ Kc7 29. Rxg6 Rb8 30. f5 d5 31. Rg7+ Kd6 32. Bxa6 Rxb2 33. f6 Be8 34. Bc8 a3 35. Ra7 a2 36.
Kf2 Ke5 37. Ra6 Rxc2+ 38. Kf3 Bf7 39. g4 hxg4+ 40. Kxg4 c4 41. dxc4 d3 42. Bf5 Rxc4+ 43. Kg5 d2 44. Bg4 Rxg4+ 45. hxg4 d1=Q 46. Rxa2 Qc1+ 47. Kh4 Qh6+ 48. Kg3 Qf4+ 49. Kh4 Qxf6+ 50. Kh3 Qf3+ 51. Kh4 Qf6+ 52. Kh3 d4 53. Ra5+ Bd5 0-1

[Event "*** Titled Tuesday Blitz"]
[Site "Chess.com"]
[Date "2020.12.01"]
[Round "10"]
[White "StephenDedalus83"]
[Black "PSvidler"]
[Result "0-1"]
[WhiteElo "2721"]
[BlackElo "2871"]
[TimeControl "180+1"]
[EndTime "11:55:32 PST"]
[Termination "PSvidler won by resignation"]

1. e4 c5 2. Nf3 d6 3. d4 cxd4 4. Nxd4 Nf6 5. Nc3 a6 6. h3 e6 7. g4 Nfd7 8. g5 b5 9. a3 Bb7 10. h4 Nc6 11. Nxc6 Bxc6 12. Qd4 Qb6 13. Be3 Qxd4 14.
Bxd4 h6 15. Rh3 hxg5 16. hxg5 Rxh3 17. Bxh3 g6 18. O-O-O Be7 19. Be3 Ne5 20. Rg1 Nc4 21. Bf4 Kd7 22. Kb1 Rh8 23. Bf1 Rh4 24. Bg3 Rg4 25. Be2 Rxg5 26. f4 Rc5 27. Bf2 Nd2+ 28. Kc1 Rxc3 29. bxc3 Nxe4 30. Be1 Bf6 31. c4 Bd4 32.
Rf1 Be3+ 33. Kb2 d5 34. cxd5 Bxd5 35. a4 bxa4 36. Bxa6 Nc5 37. Bf2 Bxf2 38. Bb5+ Bc6 39.
Bxc6+ Kxc6 40. Rxf2 Kd5 41. Re2 Kd4 42. Re1 Ne4 43. Ra1 Ke3 44. Rxa4 Kxf4 45. c4 Ke5 46. Kc2 f5 47. Ra6 g5 48. Ra8 g4 49. Kd3 Kf4 50. Kd4 g3 51. Rg8 Ng5 52. Ra8 g2 53. Ra1 Nf3+ 54. Kc3 g1=Q 55. Rxg1 Nxg1 56. c5 Ke5 0-1

[Event "*** Titled Tuesday Blitz"]
[Site "Chess.com"]
[Date "2020.12.01"]
[Round "10"]
[White "Durarbayli"]
[Black "Zhigalko_Sergei"]
[Result "0-1"]
[WhiteElo "2757"]
[BlackElo "2881"]
[TimeControl "180+1"]
[EndTime "11:55:33 PST"]
[Termination "Zhigalko_Sergei won by resignation"]

1. e4 c5 2. b3 Nf6 3. e5 Nd5 4. Nc3 Nc7 5. Nf3 Nc6 6. Bc4 a6 7. a4 Rb8 8. Qe2 g6 9. h4 Ne6 10.
Nd5 Ncd4 11. Nxd4 Nxd4 12. Qe4 d6 13. Ne3 Bg7 14. exd6 Qxd6 15. c3 Nc6 16. h5 Ne5 17. hxg6 hxg6 18. Rxh8+ Bxh8 19. Be2 Be6 20. Ba3 f5 21.
Qc2 Qc6 22. f4 Nf7 23. Bf3 Qc7 24. g3 Rd8 25. O-O-O Bf6 26. Re1 b5 27. a5 Qxa5 28. Bxc5 Qa1+ 29. Qb1 Qxb1+ 30. Kxb1 Rxd2 31. Nf1 Rd3 32. Bc6+ Bd7 33. Kc2 Rxc3+ 34. Kd2 Rxc5 35. Bxd7+ Kxd7 36.
Ne3 Nd6 37. Ke2 Ne4 38. Rd1+ Kc6 39. Kf3 Rc3 40. g4 Rxb3 41. g5 Bg7 42. Rc1+ Kd7 43. Rh1 Bd4 44. Rd1 Rxe3+ 45. Kg2 Re2+ 0-1

[Event "*** Titled Tuesday Blitz"]
[Site "Chess.com"]
[Date "2020.12.01"]
[Round "10"]
[White "c_r_e_e_p_e_r"]
[Black "midedu"]
[Result "0-1"]
[WhiteElo "2281"]
[BlackElo "2123"]
[TimeControl "180+1"]
[EndTime "11:55:35 PST"]
[Termination "midedu won by checkmate"]

1. e4 c5 2. Nf3 Nc6 3. d4 cxd4 4.
Nxd4 Nf6 5. Nc3 Qb6 6. Nb3 e6 7. Be3 Qc7 8. f4 d6 9. Bd3 a6 10. Qf3 b5 11. O-O-O Be7 12. g4 Rb8 13. g5 Nd7 14.
Kb1 Nc5 15. h4 b4 16. Ne2 Nxd3 17. cxd3 e5 18. f5 a5 19. f6 gxf6 20. gxf6 Bf8 21. d4 a4 22. Nd2 h5 23. d5 Bg4 24. Qg2 Na7 25. Rc1 Qd7 26. Nc4 Nb5 27. Ng3 Bh6 28. Bxh6 Rxh6 29. Rhf1 Nd4 30. Na5 a3 31. b3 Nb5 32. Nc6 Rc8 33. Nxb4 Rxc1+ 34. Rxc1 Rxf6 35. Nf5 Rxf5 36. exf5 Qxf5+ 37. Qc2 Qf6 38. Qc6+ Kf8 39. Qxb5 e4 40. Rc2 Bd1 41. Rg2 Bg4 42. Qc4 Qf3 43. Rd2 Qh1+ 44. Kc2 Qa1 45. Qd4 Qf1 46. Qe3 Qa1 47. Qh6+ Ke7 48. Qg5+ Kd7 49. Qe3 Qb2# 0-1

[Event "*** Titled Tuesday Blitz"]
[Site "Chess.com"]
[Date "2020.12.01"]
[Round "10"]
[White "Sergey85Rodchenkov"]
[Black "malakismayil"]
[Result "1-0"]
[WhiteElo "2455"]
[BlackElo "2295"]
[TimeControl "180+1"]
[EndTime "11:55:37 PST"]
[Termination "Sergey85Rodchenkov won on time"]

1. e4 e5 2. Nf3 Nc6 3. Bc4 Bc5 4.
d3 Nf6 5. O-O d6 6. c3 h6 7. Re1 O-O 8. Nbd2 Bb6 9. Nf1 Ne7 10.
Ng3 Ng6 11. h3 Be6 12. Bb3 Qd7 13. Be3 Rfe8 14. d4 exd4 15. Bxd4 Nh7 16. Qd3 Rac8 17. Bxb6 axb6 18. Rad1 Qe7 19. Nd4 Kh8 20. Ngf5 Qf6 21.
Qg3 Ng5 22. h4 Nxe4 23. Rxe4 Bxf5 24. Rxe8+ Rxe8 25. h5 Ne5 26. Qf4 Bg4 27. Qxf6 gxf6 28. f3 Bxh5 29. Kf1 Bg6 30. Nb5 Rc8 31. f4 Bd3+ 32.
Kg1 Bxb5 33. fxe5 fxe5 34. Bxf7 Rf8 35. Bb3 Bc6 36. Rd2 Kg7 37. Bc4 Kg6 38. Kh2 Kg5 39. Kg3 Rf4 40. Bb3 h5 41. Kh3 Bd7+ 42.
Kg3 Rg4+ 43. Kf2 Rf4+ 44. Kg3 h4+ 45. Kh2 Bc6 46. g3 hxg3+ 47. Kxg3 Rf3+ 48. Kh2 Kf4 49. Rg2 1-0

[Event "*** Titled Tuesday Blitz"]
[Site "Chess.com"]
[Date "2020.12.01"]
[Round "10"]
[White "The_Machine04"]
[Black "Lupul_Cenusiu"]
[Result "0-1"]
[WhiteElo "2427"]
[BlackElo "2577"]
[TimeControl "180+1"]
[EndTime "11:55:38 PST"]
[Termination "Lupul_Cenusiu won by resignation"]

1. d4 Nf6 2. Bg5 c6 3. Bxf6 gxf6 4. e3 d5 5. Nf3 Bg7 6. c4 e5 7. Nc3 Be6 8. cxd5 cxd5 9. Rc1 Nc6 10. Bb5 O-O 11. O-O Rc8 12. Na4 Bg4 13. h3 Bh5 14. Be2 Ne7 15. Rxc8 Qxc8 16. Nc3 Rd8 17. Nh4 Bg6 18.
Bg4 Qc6 19. Qf3 Qb6 20. dxe5 fxe5 21. Nf5 Bxf5 22. Bxf5 Qxb2 23. e4 Nxf5 24. exf5 e4 25. Nxe4 dxe4 26. Qxe4 Qxa2 27. Qxb7 Qa5 28. g4 h6 29. Rb1 Bf6 30. Qf3 Qd5 31. Qxd5 Rxd5 32. Rb8+ Rd8 33. Rb7 Ra8 34. Rb4 a5 35. Ra4 Bc3 36.
Kg2 Bb4 37. Kf3 Re8 38. h4 Re5 39. Kf4 Re2 40. Kf3 Rc2 41. g5 hxg5 42. hxg5 Rc3+ 43.
Ke4 Ra3 44. Rxa3 Bxa3 45. Kd5 Bc1 46. g6 f6 47. Kc4 Kg7 48. Kb5 Bd2 49. Ka4 Be1 50. f3 Bb4 51. Kb5 Kf8 52. Ka4 Ke7 53. Kb5 Bd2 54. Ka4 Bh6 55. Kxa5 Kd6 56. Kb5 Ke5 57. Kc4 Kxf5 58. Kd5 Kxg6 59. Ke6 Bf4 60. Kd5 Kf5 61. Kd4 Bc1 62. Kd3 Kf4 63. Ke2 Be3 64.
Kf1 Kxf3 65. Ke1 Bc5 66. Kf1 f5 67. Ke1 Kg2 68. Ke2 f4 69. Kd3 f3 70. Ke4 Bf8 71. Ke5 f2 72. Ke4 f1=Q 0-1

[Event "*** Titled Tuesday Blitz"]
[Site "Chess.com"]
[Date "2020.12.01"]
[Round "10"]
[White "bascheyaro"]
[Black "Mr_Sinigami"]
[Result "1-0"]
[WhiteElo "2746"]
[BlackElo "2586"]
[TimeControl "180+1"]
[EndTime "11:55:39 PST"]
[Termination "bascheyaro won by resignation"]

1. d4 Nf6 2. Nf3 g6 3. c4 Bg7 4. Nc3 O-O 5. Bf4 d6 6. e3 Nfd7 7. Be2 e5 8. Bg5 f6 9. Bh4 g5 10. Bg3 f5 11. dxe5 Nxe5 12. Bxe5 dxe5 13. Qxd8 Rxd8 14.
Nxg5 h6 15. Nf3 e4 16. Nd4 Bxd4 17. exd4 Rxd4 18. Nb5 Rd7 19. Rd1 c6 20. Nd6 Na6 21. O-O Rd8 22. a3 Rb8 23. b4 Be6 24. Rd2 c5 25. b5 Nc7 26. Rfd1 b6 27. f4 Kf8 28. g4 fxg4 29. f5 Bg8 30. Kf2 Ne8 31. Nxe4 Rxd2 32. Rxd2 Ke7 33. Ke3 h5 34. Kf4 a6 35. Ke5 axb5 36. f6+ Kf8 37. cxb5 Ra8 38. h3 gxh3 39. Bxh5 Rxa3 40. Rd8 Bf7 41. Bxf7 Kxf7 42. Ng5+ Kg6 43.
f7 h2 44. fxe8=Q+ Kxg5 45. Qg8+ Kh4 46. Qh7+ Kg3 47. Rg8+ Kf3 48. Qh3+ 1-0

[Event "*** Titled Tuesday Blitz"]
[Site "Chess.com"]
[Date "2020.12.01"]
[Round "10"]
[White "BlixLT"]
[Black "Stormeman100100"]
[Result "1-0"]
[WhiteElo "2336"]
[BlackElo "2462"]
[TimeControl "180+1"]
[EndTime "11:55:39 PST"]
[Termination "BlixLT won by checkmate"]

1. d4 Nf6 2. Nf3 d5 3. Bg5 Ne4 4. Nbd2 Nxg5 5. Nxg5 c5 6. Ngf3 cxd4 7. Nxd4 e5 8. N4f3 Nc6 9. e4 Bg4 10. exd5 Qxd5 11. Bc4 Qc5 12. Bxf7+ Ke7 13. Bb3 Rd8 14.
h3 Bh5 15. Qe2 Kd7 16. O-O-O Kc7 17. Ne4 Qa5 18. Rxd8 Kxd8 19. Neg5 Kc8 20. Rd1 Be7 21. g4 Bg6 22. Ne4 Rf8 23. c3 Kb8 24. Nfd2 Qb6 25.
Nc4 Qc7 26. Ncd6 Rd8 27. Nc4 Rf8 28. f3 h6 29. Ne3 Bh7 30. Nd5 Bg5+ 31. Nxg5 Qd8 32.
Ne4 Bg8 33. Ne3 Qc7 34. Bxg8 Rxg8 35. Nd5 Qa5 36. a3 Rc8 37. Kb1 Qa4 38. Nb4 Qa5 39.
Nxc6+ bxc6 40. Qd3 Kb7 41. Nd6+ Kb8 42. Nxc8 Kxc8 43.
Qd7+ Kb8 44. Qd8+ Qxd8 45. Rxd8+ Kc7 46. Rg8 e4 47. Rxg7+ Kb6 48. fxe4 c5 49. Rg6+ Kb5 50. Rxh6 c4 51. g5 a5 52. g6 Ka4 53. g7 Kb3 54.
g8=Q a4 55. Qb8# 1-0

[Event "*** Titled Tuesday Blitz"]
[Site "Chess.com"]
[Date "2020.12.01"]
[Round "10"]
[White "ChessQueen"]
[Black "Vincent_Vega95"]
[Result "0-1"]
[WhiteElo "2716"]
[BlackElo "2773"]
[TimeControl "180+1"]
[EndTime "11:55:42 PST"]
[Termination "Vincent_Vega95 won by resignation"]

1. e4 c5 2. c3 d5 3. exd5 Qxd5 4. d4 Nf6 5. Nf3 e6 6. Be2 cxd4 7. cxd4 Be7 8. Nc3 Qd8 9. O-O O-O 10. Ne5 Nbd7 11.
Bf3 Nb6 12. Bg5 Nfd5 13. Bxe7 Nxe7 14. Qd3 Nbd5 15. Be4 g6 16. h4 b6 17. h5 Bb7 18.
hxg6 hxg6 19. Qg3 Kg7 20. Rfe1 Rh8 21. Nc4 Rh5 22. f3 Rc8 23. Nd6 Rc7 24. Nxb7 Rxb7 25. Kf2 Rd7 26. Rh1 Nf6 27. Rxh5 Nxh5 28. Qe5+ Nf6 29. Ne2 Qc7 30. Qxc7 Rxc7 31. Rc1 Rxc1 32. Nxc1 g5 33. Ne2 Ne8 34. Nc3 f5 35. Bd3 Kf6 36.
b3 Nd6 37. Bc4 Nc6 38. Ke3 Nb4 39. a4 Nc2+ 40. Kd3 Ne1+ 41. Kd2 Nxg2 42. Bf1 Nf4 43. Ke3 Ne8 44. Nb5 a6 45. Na7 a5 46. Nc6 Nd5+ 47. Kd3 Nd6 48. Kd2 g4 49. fxg4 fxg4 50. Ne5 Kf5 51. Ke2 Kf4 52. Kf2 Nf5 53. Kg1 Nxd4 54.
Bc4 Kxe5 0-1

[Event "*** Titled Tuesday Blitz"]
[Site "Chess.com"]
[Date "2020.12.01"]
[Round "10"]
[White "Jungle_Jaguar"]
[Black "ikhasu"]
[Result "1-0"]
[WhiteElo "2543"]
[BlackElo "2419"]
[TimeControl "180+1"]
[EndTime "11:55:42 PST"]
[Termination "Jungle_Jaguar won on time"]

1. e4 c5 2. Nf3 Nc6 3. d4 cxd4 4. Nxd4 g6 5. c4 Nf6 6. Nc3 d6 7. Be2 Nxd4 8. Qxd4 Bg7 9. O-O O-O 10. Rd1 Be6 11. Qd3 Nd7 12. Nd5 Rc8 13. Bg5 Bxd5 14. exd5 Bxb2 15.
Rab1 Bg7 16. Qe3 f6 17. Bf4 Nc5 18. Re1 Rc7 19. Bg4 b6 20. Be6+ Kh8 21. h4 Nxe6 22. Qxe6 Rxc4 23. Bg3 Rc7 24. h5 Qc8 25. Qe3 Qf5 26.
h6 Qxd5 27. hxg7+ Kxg7 28. a4 h5 29. Rb5 Qc4 30. Bf4 Rfc8 31. Qg3 e5 32. Be3 Qxa4 33. Rd5 Rc6 34. Rdd1 Qg4 35. Qh2 a5 36. Rb1 Rb8 37.
Rb5 Qc4 38. Reb1 a4 39. R5b4 Qc2 40. Qg3 a3 41. Rc1 Qxc1+ 42. Bxc1 Rxc1+ 43. Kh2 a2 44. Ra4 a1=Q 45. Rxa1 Rxa1 46. Qd3 Rd8 47. Qb5 Raa8 48. Qxb6 Rd7 49. Qc6 Rad8 50. Qd5 Rc8 51. f4 1-0

[Event "*** Titled Tuesday Blitz"]
[Site "Chess.com"]
[Date "2020.12.01"]
[Round "10"]
[White "RobPeresian"]
[Black "Roza_Idrisova"]
[Result "1-0"]
[WhiteElo "2441"]
[BlackElo "2204"]
[TimeControl "180+1"]
[EndTime "11:55:45 PST"]
[Termination "RobPeresian won by resignation"]

1. Nf3 d5 2. d4 c6 3. c4 Nf6 4. Nc3 a6 5. cxd5 cxd5 6. Bf4 Nc6 7. e3 Bg4 8. Be2 e6 9. O-O Bd6 10. Bxd6 Qxd6 11. Rc1 O-O 12. Na4 Nd7 13. a3 Rfc8 14. Nc5 Nxc5 15. Rxc5 b6 16. Rc1 Bxf3 17. Bxf3 Na5 18.
Be2 b5 19. Rc5 Nc4 20. Qc2 g6 21. Ra1 Rxc5 22. dxc5 Qe5 23. Ra2 Rc8 24. b3 Nxe3 25. fxe3 Qxe3+ 26. Kf1 Rxc5 27. Qd2 Rc1+ 28. Bd1 Qxd2 29.
Rxd2 Kf8 30. a4 Ke7 31. axb5 axb5 32. Ke2 Kd6 33. Rd4 Kc5 34. Rf4 f5 35. Rh4 h5 36.
h3 e5 37. g4 hxg4 38. hxg4 d4 39. gxf5 gxf5 40. Rh5 Kd5 41. Rxf5 Ke4 42. Rf8 b4 43.
Rb8 Ra1 44. Bc2+ Kf4 45. Rxb4 Ra2 46. Kd2 Kf3 47. Rb8 Rb2 48. Rf8+ Kg4 49. Kc1 Ra2 50. b4 Ra3 51. Kb2 Rc3 52. b5 Rc5 53. Rb8 e4 54. Bxe4 Kf4 55. Bd3 Ke3 56. Bf1 Kd2 57. Kb3 Rc3+ 58. Kb4 Rc1 59. Bc4 d3 60. Rd8 Rc3 61.
Rxd3+ Rxd3 62. Bxd3 Kxd3 63. b6 1-0